 Dungeon Crawl Stone Soup version 0.29-a0-2-g12fcac58f8 (webtiles) character file.

Game seed: 11263749033518654497

283 horus123 the Skirmisher (level 6, -2/48 HPs)
             Began as a Human Monk on Jan 26, 2022.
             Slain by an orc (14 damage)
             ... on level 3 of the Dungeon.
             The game lasted 00:07:14 (3243 turns).

horus123 the Skirmisher (Human Monk)                Turns: 3243, Time: 00:07:15

Health: -2/48      AC: 12    Str: 13    XL:     6   Next: 54%
Magic:  0/6        EV:  7    Int: 11    God:
Gold:   142        SH:  0    Dex: 15    Spells: 5/5 levels left

rFire   . . .      SeeInvis .   g - +2 whip (freeze)
rCold   . . .      Faith    .   (no shield)
rNeg    + . .      Spirit   +   d - +0 chain mail
rPois   +          Reflect  .   (no helmet)
rElec   .          Harm     .   j - +1 cloak
rCorr   .          Rampage  .   h - +0 pair of gloves
Will    .....                   (no boots)
Stlth   ..........              e - amulet of guardian spirit
HPRegen 0.16/turn               i - ring of poison resistance
MPRegen 0.10/turn               o - ring of positive energy

@: no status effects
A: no striking features
a: no special abilities


You were on level 3 of the Dungeon.
You visited 1 branch of the dungeon, and saw 4 of its levels.

You collected 142 gold pieces.

Inventory:

Hand Weapons
 a - a +0 mace
 g - a +2 whip of freezing (weapon)
Armour
 b - a +0 robe
 d - a +0 chain mail (worn)
 h - a +0 pair of gloves (worn)
 j - a +1 cloak (worn)
Jewellery
 e - an amulet of guardian spirit (around neck)
 i - a ring of poison resistance (left hand)
 o - a ring of positive energy (right hand)
Scrolls
 f - a scroll of noise
 k - a scroll of teleportation
 n - a scroll of blinking
Potions
 c - a potion of haste
 l - a potion of resistance
 m - a potion of mutation


   Skills:
 - Level 4.0 Fighting
 - Level 4.0 Maces & Flails
 - Level 4.0 Armour
 + Level 3.7 Dodging
 - Level 2.0 Stealth


You had 5 spell levels left.
You didn't know any spells.
Your spell library contained the following spells:

 Spells                   Type           Power      Damage    Failure   Level
 Sublimation of Blood     Necr           0%         N/A       100%        2
 Wereblood                Tmut           0%         N/A       100%        2
 Summon Hydra             Summ           0%         N/A       100%        7


Dungeon Overview and Level Annotations

Branches:
Dungeon (4/15)
 Temple: D:4-7

Altars:

Shops:
D:2 (((=:


Message History

You whack the orc! You freeze the orc.
You kill the orc!
The orc priest hits you but does no damage.
The orc priest mumbles some strange prayers to Beogh against you.
Beogh smites you!
You see here a +0 mace.
You completely miss the orc priest.
The orc priest hits you but does no damage.
You barely miss the orc priest. The orc priest barely misses you.
You hit the orc priest. You freeze the orc priest.
The orc priest is moderately wounded.
You hit the orc priest. You freeze the orc priest.
The orc priest is severely wounded.
The orc priest barely misses you.
You hit the orc priest. You freeze the orc priest.
The orc priest is almost dead.
The orc priest invokes the aid of Beogh against you.
Beogh smites you!
You hit the orc priest. You freeze the orc priest.
You kill the orc priest!
Okay, then.
You barely miss the orc. The orc hits you but does no damage.
You are electrocuted!
* * * LOW HITPOINT WARNING * * *
You closely miss the orc. The orc hits you but does no damage.
Items here: )) ††.
There is a stone staircase leading up here.
The orc hits you with a +0 falchion of electrocution.
* * * LOW HITPOINT WARNING * * *
You climb upwards.
There is a stone staircase leading down here.
The orc hits you with a +0 falchion of electrocution.
* * * LOW HITPOINT WARNING * * *
There is an open door here.
There is an open door here.
The orc hits you but does no damage.
You are electrocuted!
* * * LOW HITPOINT WARNING * * *
There is an open door here.
The orc hits you but does no damage.
You are electrocuted!!
You die...

##...## #......#
##.....## ######.#
##.......## ##.##.#
###.........####...#.#
..+.........'........#
###.........###.###..#
##.......## #.# #..#
##.....## #o###.##
##...## #.@...# ##+##
###.### #.# #.# #.#
#.# #######.## #.#
#........## #.#
#.#.#.....# #.#
#.#.##...########.#
#.#...............#


You could see an orc.

Vanquished Creatures
  An orc priest (D:4)
  Crazy Yiuf (D:2)
  Jessica (D:3)
  An orc wizard (D:3)
  Ijyb (D:3)
  Natasha (thrice) (D:2)
  An adder (D:3)
  An adder zombie (D:3)
  2 worms (D:2)
  2 dart slugs
  4 orcs
  8 endoplasms
  A giant cockroach (D:1)
  8 goblins
  3 hobgoblins (D:1)
  A quokka (D:1)
  4 ball pythons
  3 bats
  5 frilled lizards (D:1)
  3 kobolds
  6 rats
60 creatures vanquished.

Notes
Turn   | Place    | Note
-------+----------+-------------------------------------------
     0 | D:1      | horus123 the Human Monk began the quest for the Orb.
     0 | D:1      | Reached XP level 1. HP: 18/18 MP: 1/1
   198 | D:1      | Reached XP level 2. HP: 24/24 MP: 2/2
   565 | D:1      | Found a faded altar of an unknown god.
   569 | D:1      | Reached XP level 3. HP: 28/30 MP: 3/3
   660 | D:1      | Reached skill level 1 in Armour
  1325 | D:2      | Noticed Natasha
  1335 | D:2      | Killed Natasha
  1336 | D:2      | Reached XP level 4. HP: 37/37 MP: 4/4
  1336 | D:2      | Found Mefave's Weapon Shop.
  1368 | D:2      | Found Ophow's Book Shoppe.
  1409 | D:2      | Found a runed translucent door.
  1410 | D:2      | Noticed Crazy Yiuf
  1421 | D:2      | Killed Crazy Yiuf
  1682 | D:2      | Found Ysirch's Jewellery Emporium.
  1714 | D:2      | Found Lapruq's Antique Weapon Boutique.
  1714 | D:2      | Noticed Natasha
  1722 | D:2      | Killed Natasha
  1723 | D:2      | Reached XP level 5. HP: 42/42 MP: 5/5
  1729 | D:2      | Noticed Natasha
  1740 | D:2      | Killed Natasha
  1838 | D:2      | Found Hitso's Weapon Emporium.
  2134 | D:3      | Noticed Jessica
  2136 | D:3      | Killed Jessica
  2163 | D:3      | Noticed Ijyb
  2175 | D:3      | Killed Ijyb
  2176 | D:3      | Reached XP level 6. HP: 26/48 MP: 6/6
  3243 | D:3      | Slain by an orc

Illustrated notes

Levels and vault maps discovered:
D:1:      minmay_arrival_glassed_features, layout_loops_ring,
          ebering_ecumenical_altar_ruins
D:2:      layout_rooms, serial_shops, shop, shop, nicolae_shop_hallway_plus,
          nicolae_shop_behind_doors, nicolae_shop_bloodbath_and_beyond,
          uniq_natasha, uniq_crazy_yiuf_cottage
D:3:      layout_loops_corners, uniq_jessica, uniq_ijyb
D:4:      layout_basic, bloody_makhleb, kennysheep_mini, uniq_pikel

Skill      XL: |  1  2  3  4  5  6 |
---------------+-------------------+-----
Fighting       | 4 |  4.0
Armour         | 2 3 4 |  4.0
Maces & Flails | 4 |  4.0
Dodging        | |  3.7
Stealth        | |  2.0

Action                   |  1- 3 |  4- 6 || total
-------------------------+-------+-------++-------
Melee: Mace              |    27 |       ||    27
       Whip              |    55 |   114 ||   169
       Punch             |       |     2 ||     2
  Use: Scroll            |     1 |     4 ||     5
       Potion            |       |     2 ||     2
 Stab: Sleeping          |     6 |       ||     6
Armor: Robe              |     1 |       ||     1
       Chain mail        |    24 |    56 ||    80
Dodge: Dodged            |    25 |    28 ||    53

Table legend: (Time is in decaauts)
 A = Elapsed time spent in this place.
 B = Non-inter-level travel time spent in this place.
 C = Inter-level travel time spent in this place.
 D = Time resting spent in this place.
 E = Time spent auto-exploring this place.
 F = Levels seen in this place.
 G = Mean time per level.
                   A        B        C        D        E       F      G
               +--------+--------+--------+--------+--------+-----+--------+
         Total |   3217 |   3149 |     68 |    809 |   1698 |   4 |  804.2 |
       Dungeon |   3217 |   3149 |     68 |    809 |   1698 |   4 |  804.2 |
               +--------+--------+--------+--------+--------+-----+--------+

Top non-repeatable levels by time:
     D:2: 1176 daAuts
     D:3: 1128 daAuts
     D:1: 849 daAuts
     D:4: 63 daAuts
